 Dungeon Crawl Stone Soup version 0.28-a0-1624-g820543e53a (webtiles) character file.

Game seed: 7458732700363959938

12 soggyman666 the Firebug (level 2, 15/15 HPs)
             Began as a Tengu Fire Elementalist on Jan 23, 2022.
             Quit the game on level 1 of the Dungeon.
             The game lasted 00:02:01 (579 turns).

soggyman666 the Firebug (Tengu Fire Elementalist)    Turns: 579, Time: 00:02:02

Health: 15/15      AC:  2    Str:  8    XL:     2   Next: 33%
Magic:  6/6        EV: 12    Int: 15    God:
Gold:   27         SH:  0    Dex: 14    Spells: 4/5 levels left

rFire   . . .      SeeInvis .   c - +0 dagger
rCold   . . .      Faith    .   (no shield)
rNeg    . . .      Spirit   .   a - +0 robe
rPois   .          Reflect  .   (helmet restricted)
rElec   .          Harm     .   (no cloak)
rCorr   .          Rampage  .   (no gloves)
Will    .....                   (boots unavailable)
Stlth   ++........              (no amulet)
HPRegen 0.05/turn               (no ring)
MPRegen 0.10/turn               (no ring)

@: about to teleport
A: beak, talons 3
a: no special abilities


You were on level 1 of the Dungeon.
You visited 1 branch of the dungeon, and saw 1 of its levels.

You collected 27 gold pieces.

Inventory:

Hand Weapons
 c - a +0 dagger (weapon)
Armour
 a - a +0 robe (worn)
Jewellery
 d - a ring of fire


   Skills:
 + Level 0.1 Fighting
 + Level 0.0 Armour
 + Level 2.4 Dodging
 + Level 2.2 Stealth
 * Level 2.1 Spellcasting
 + Level 1.8 Conjurations
 + Level 3.4 Fire Magic


You had 4 spell levels left.
You knew the following spells:

 Your Spells              Type           Power      Damage    Failure   Level
a - Foxfire               Conj/Fire      36%        2x1d5     8%          1

Your spell library contained the following spells:

 Spells                   Type           Power      Damage    Failure   Level
 Scorch                   Fire           22%        2d6       9%          2
 Conjure Flame            Conj/Fire      9%         6-21      22%         3
 Inner Flame              Hex/Fire       6%         N/A       32%         3
 Flame Wave               Conj/Fire      9%         2d5       58%         4


Dungeon Overview and Level Annotations

Branches:
Dungeon (1/15)

Altars:


Innate Abilities, Weirdness & Mutations

You have a beak for a mouth.
You have claws for feet.


Message History

You conjure some foxfire!
The foxfire hits the dart slug.
The dart slug is heavily wounded.
The foxfire hits the dart slug.
You kill the dart slug!
You conjure some foxfire!
You conjure some foxfire!
Your foxfire dissipates!
Your foxfire dissipates! x2
A goblin comes into view. It is wielding a +0 club.
Your foxfire dissipates!
A goblin is nearby!
You are too depleted to draw on your mana recklessly!
You are too depleted to draw on your mana recklessly!
You are too depleted to draw on your mana recklessly!
Your foxfire dissipates!
The foxfire hits the goblin.
You kill the goblin!
Your foxfire dissipates!
You start resting.
Magic restored.
You start resting.
HP restored.
You now have 27 gold pieces (gained 15).
You see here a +0 dagger.
A rat comes into view.
The rat moves out of view.
A rat is nearby!
Casting: Foxfire (safe; 8% risk of failure)
Confirm with . or Enter, or press ? or * to list all spells.
You don't know that spell.
You hit the rat but do no damage. You claw the rat.
You kill the rat!
d - a ring of fire
As you read the scroll labelled RALUSI UG VOOM, it crumbles to dust.
You feel strangely unstable.
It was a scroll of teleportation.
Okay, then.
Okay, then.
Unknown command.
Unknown command.
Are you sure you want to abandon this character and quit the game? (Confirm with "yes".)

###.#)...##
..(.......#
.......##.##
.......##..###
.......###...###
........####...#
........# ###.######
....)÷..# #........#
.......## #....@...#
#####.######........#
....#...............#
....#.#####.........#
##..#.## ##........#
_'..'..# #........#
##..#..## #........#
....#÷..# ##########
...§#.#.##


There were no monsters in sight!

Vanquished Creatures
  A dart slug (D:1)
  A bat (D:1)
  An endoplasm (D:1)
  3 goblins (D:1)
  A hobgoblin (D:1)
  2 rats (D:1)
9 creatures vanquished.

Vanquished Creatures (others)
  34 foxfires (D:1)
34 creatures vanquished.

Grand Total: 43 creatures vanquished

Notes
Turn   | Place    | Note
-------+----------+-------------------------------------------
     0 | D:1      | soggyman666 the Tengu Fire Elementalist began the quest for
                  | the Orb.
     0 | D:1      | Reached XP level 1. HP: 10/10 MP: 4/4
   185 | D:1      | Found a faded altar of an unknown god.
   414 | D:1      | Reached XP level 2. HP: 8/15 MP: 6/6
   579 | D:1      | Quit the game

Illustrated notes

Levels and vault maps discovered:
D:1:      dpeg_arrival_tiny_a, layout_rooms,
          hellmonk_ecumenical_altar_inner_sanctum

Action                   || total
-------------------------++-------
Melee: Dagger            ||     4
       Kick              ||     1
 Cast: Foxfire           ||    22
  Use: Scroll            ||     1
Dodge: Dodged            ||     3

Table legend: (Time is in decaauts)
 A = Elapsed time spent in this place.
 B = Non-inter-level travel time spent in this place.
 C = Inter-level travel time spent in this place.
 D = Time resting spent in this place.
 E = Time spent auto-exploring this place.
 F = Levels seen in this place.
 G = Mean time per level.
                   A        B        C        D        E       F      G
               +--------+--------+--------+--------+--------+-----+--------+
         Total |    578 |    578 |      0 |    104 |    407 |   1 |  578.0 |
       Dungeon |    578 |    578 |      0 |    104 |    407 |   1 |  578.0 |
               +--------+--------+--------+--------+--------+-----+--------+

Top non-repeatable levels by time:
     D:1: 578 daAuts
